Map: Pillars of Gold LE

Players

wowo - Winner!

  • Race: Protoss Protoss
  • League: Platinum
  • Spawn Location: 1:00

Massa

  • Race: Terran Terran
  • League: Platinum
  • Spawn Location: 7:00

VOD

Have the link to the VOD?

Description

Time

  • Played on: Feb. 26, 2021, 3:14 p.m.
  • Length: 6:31
Show
View Real Time Build Order
Export as new Build Order

wowo Protoss - Winner!

Build Orders:  

Get SALT Encoding   

  12  0:00  Probe  
  13  0:19  Pylon  
  13  0:20  Probe  
  14  0:32  Probe  
  15  0:39  Gateway  
  15  0:45  Probe (Chrono Boost)  
  15  0:47  Assimilator  
  17  0:57  Probe (Chrono Boost)  
  17  1:02  Probe (Chrono Boost)  
  18  1:10  Gateway  
  18  1:15  Probe  
  19  1:27  Cybernetics Core, Probe  
  20  1:33  Pylon  
  20  1:41  Zealot (Chrono Boost)  
  22  2:03  Stalker (Chrono Boost)  
  22  2:05  Stalker (Chrono Boost)  
  26  2:10  Probe  
  27  2:16  Assimilator  
  27  2:23  Pylon, Probe  
  28  2:35  Probe  
  29  2:40  Pylon  
  29  2:45  Stargate  
  29  3:14  Stalker  
  31  3:20  Void Ray (Chrono Boost)  
  35  3:53  Void Ray  
  35  3:55  Nexus  
  35  3:56  Warp Gate  
  35  3:57  Pylon  
  37  4:38  Stalker x2  
  41  5:01  Void Ray (Chrono Boost)  
  45  5:26  Stalker x2  
  45  5:28  Gateway  
  45  5:49  Void Ray (Chrono Boost)  
  45  5:56  Stalker  
  49  6:25  Stalker x2  
Show
View Real Time Build Order
Export as new Build Order

Massa Terran 

Build Orders:  

Get SALT Encoding   

  12  0:00  SCV  
  13  0:12  SCV  
  14  0:20  Supply Depot  
  14  0:25  SCV  
  15  0:42  Barracks, SCV  
  16  0:46  Refinery  
  16  0:54  SCV  
  17  1:06  SCV  
  18  1:18  SCV  
  19  1:32  Orbital Command  
  19  1:46  Command Center  
  19  1:59  Barracks Reactor  
  19  2:01  SCV  
  19  2:07  Supply Depot  
  20  2:19  Factory  
  20  2:23  SCV  
  21  2:34  Marine  
  21  2:35  Marine, SCV  
  24  2:52  Marine  
  24  2:53  Barracks  
  25  2:58  Marine  
  25  2:59  Bunker  
  25  3:04  Orbital Command  
  24  3:16  Marine  
  25  3:26  Supply Depot  
  25  3:31  Bunker  
  25  3:40  Orbital Command  
  25  3:41  Marine  
  26  3:57  Factory  
  26  3:58  Marine  
  27  4:04  Barracks Tech Lab  
  27  4:19  Engineering Bay  
  27  4:22  Marine  
  27  4:23  Marine  
  27  4:41  Factory Tech Lab  
  25  4:49  Orbital Command  
  22  4:59  Marine  
  19  5:00  Marine  
  20  5:07  Cyclone  
  22  5:17  Marine  
  22  5:18  Marine  
  23  5:35  Marine x2  
  16  5:53  Marine x2  
  15  6:11  Marine x2  
Tags
 
Add a new tag
Caveats
  • Supply blocks, unpowered buildings, or Contaminate may cause inaccurate times.
  • Supply counts are checked every 10 seconds.